 Dungeon Crawl Stone Soup version 0.29.1-2-gbd0b4ee654 (webtiles) character file.

Game seed: 14264863618177436043

21 eriqlaplus the Conjurer (level 2, -2/15 HPs)
             Began as a Tengu Conjurer on Oct 31, 2022.
             Was a Follower of Vehumet.
             Shot with a sling bullet by a goblin (5 damage)
             ... on level 2 of the Dungeon.
             The game lasted 00:05:41 (1335 turns).

eriqlaplus the Conjurer (Tengu Conjurer)            Turns: 1335, Time: 00:05:42

Health: -2/15      AC:  2    Str:  7    XL:     2   Next: 83%
Magic:  6/6        EV: 12    Int: 18    God:    Vehumet [*.....]
Gold:   53         SH:  0    Dex: 12    Spells: 2/5 levels left

rFire   . . .      SeeInvis .   i - staff of cold
rCold   + . .      Faith    .   (no shield)
rNeg    . . .      Spirit   .   a - +0 robe
rPois   .          Reflect  .   (helmet restricted)
rElec   .          Harm     .   (no cloak)
rCorr   .          Rampage  .   (no gloves)
Will    .....                   (boots unavailable)
Stlth   ++........              (no amulet)
HPRegen 0.05/turn               (no ring)
MPRegen 0.10/turn               (no ring)

@: no status effects
A: beak, talons 3
a: Renounce Religion


You were on level 2 of the Dungeon.
You worshipped Vehumet.
Vehumet was aware of your devotion.
You visited 1 branch of the dungeon, and saw 2 of its levels.

You collected 53 gold pieces.

Inventory:

Armour
 a - a +0 robe (worn)
Magical Staves
 i - a staff of cold (weapon)
Scrolls
 c - a scroll of noise {unknown}
 d - a scroll of enchant weapon {unknown}
 f - a scroll of vulnerability {unknown}
 g - 2 scrolls of fear {unknown}
Potions
 b - a potion of magic
 e - a potion of haste {unknown}
 h - a potion of brilliance {unknown}
 j - a potion of might {unknown}


   Skills:
 + Level 2.3 Dodging
 + Level 2.0 Stealth
 + Level 2.0 Spellcasting
 + Level 6.1 Conjurations


You had 2 spell levels left.
You knew the following spells:

 Your Spells              Type           Power      Damage    Failure   Level
a - Magic Dart            Conj           96%        1d7       1%          1
b - Searing Ray           Conj           48%        2d6       2%          2

Your spell library contained the following spells:

 Spells                   Type           Power      Damage    Failure   Level
 Sandblast                Erth           2%         2d4       19%         1
 Dazzling Flash           Conj/Hex       24%        N/A       16%         3
 Fulminant Prism          Conj/Hex       6%         3d7       45%         4
 Iskenderun's Mystic Bla  Conj/Tloc      12%        2d5       45%         4


Dungeon Overview and Level Annotations

Branches:
Dungeon (2/15)

Altars:
Vehumet

Shops:
D:1 *


Innate Abilities, Weirdness & Mutations

You have a beak for a mouth.
You have claws for feet.


Message History

The hobgoblin closely misses you.
You climb upwards.
There is a stone staircase leading down here.
You hit the hobgoblin. Your kick misses the hobgoblin.
The hobgoblin is moderately wounded.
The hobgoblin misses you.
You hit the hobgoblin.
You kill the hobgoblin!
Vehumet accepts your kill.
Magic restored.
HP restored.
Done exploring.
There is a stone staircase leading down here.
You climb downwards.
The worm closely misses you. The worm bites you.
There is a stone staircase leading up here.
The worm bites you!
Ouch! That really hurt!
You hit the worm. You claw the worm. You peck the worm.
The worm is heavily wounded.
The goblin shoots a sling bullet.
The sling bullet misses you.
You hit the worm but do no damage. You claw the worm.
The worm is almost dead.
The goblin shoots a sling bullet.
The sling bullet closely misses you. The worm misses you.
The worm closely misses you.
You hit the worm. You peck the worm.
You kill the worm!
Vehumet accepts your kill.
The goblin shoots a sling bullet.
The sling bullet closely misses you. The worm barely misses you.
You barely miss the worm. You claw the worm.
The worm is moderately wounded.
The goblin shoots a sling bullet.
The sling bullet hits you.
* * * LOW HITPOINT WARNING * * *
The worm barely misses you.
You hit the worm but do no damage.
The worm is moderately wounded.
You hit the worm but do no damage. You peck the worm.
The worm is heavily wounded.
The goblin shoots a sling bullet.
The sling bullet hits you.
You die...

### #.............
(...#...............
....#............... .
....#..........#..# .##
....#..........#.###..##
........#...............
........................
..............#.w#......
.....####.###.#<@..#
.....####..........#
.....#=.......g....#
.....w.##..........#
......###...........#
..................)..#
...................#.#
.......##..........#.#
#.......#..........# #


You could see a worm and a goblin.

Vanquished Creatures
  A worm (D:2)
  A ball python (D:1)
  A bat (D:1)
  2 endoplasms
  A giant cockroach (D:1)
  3 hobgoblins (D:1)
  3 jackals (D:1)
  A frilled lizard (D:1)
  2 rats (D:1)
15 creatures vanquished.

Notes
Turn   | Place    | Note
-------+----------+-------------------------------------------
     0 | D:1      | eriqlaplus the Tengu Conjurer began the quest for the Orb.
     0 | D:1      | Reached XP level 1. HP: 10/10 MP: 4/4
   217 | D:1      | Reached XP level 2. HP: 14/15 MP: 1/6
   296 | D:1      | Found a faded altar of an unknown god.
   324 | D:1      | Prayed at the altar of an unknown god.
   324 | D:1      | Became a worshipper of Vehumet
   324 | D:1      | Reached * piety under Vehumet
   324 | D:1      | Offered knowledge of Sandblast by Vehumet.
   337 | D:1      | Learned a level 2 spell: Searing Ray
   377 | D:1      | Found Ticif's General Store.
   773 | D:1      | Reached skill level 6 in Conjurations
  1335 | D:2      | Shot with a sling bullet by a goblin

Illustrated notes

Levels and vault maps discovered:
D:1:      zaba_arrival_water, layout_loops_ring, serial_shops,
          nicolae_lakefront_shop, hellmonk_ecumenical_altar_lost_god,
          minmay_crystal_room, kennysheep_small_spiral, grunt_decor_mini_mirrors
D:2:      layout_rooms, basic_altar

Skill      XL: |  1  2 |
---------------+-------+-----
Conjurations   | 6 |  6.1
Dodging        | |  2.3
Stealth        | |  2.0
Spellcasting   | |  2.0

Action                   || total
-------------------------++-------
Melee: Unarmed           ||     7
       Kick              ||     6
       Peck              ||     4
       Staff             ||     8
 Cast: Magic Dart        ||    30
       Searing Ray       ||     1
Armor: Robe              ||     3
Dodge: Dodged            ||    32
